 Dungeon Crawl Stone Soup version 0.29.0-15-g675c0067aa (webtiles) character file.

Game seed: 17510082960519799979

81 qw the Chopper (level 4, -1/39 HPs)
             Began as a Minotaur Berserker on Sept 12, 2022.
             Was a Follower of Trog.
             Slain by an orc wizard
             ... wielding a +0 dagger
              (3 damage)
             ... on level 3 of the Dungeon.
             The game lasted 00:00:26 (1768 turns).

qw the Chopper (Minotaur Berserker)                 Turns: 1768, Time: 00:00:27

Health: -1/39      AC:  5    Str: 24    XL:     4   Next: 20%
Magic:  3/3        EV: 11    Int:  4    God:    Trog [*.....]
Gold:   89         SH:  0    Dex:  9    Spells: 3/3 levels left

rFire   . . .      SeeInvis .   Y - +0 hand axe
rCold   . . .      Faith    .   (no shield)
rNeg    . . .      Spirit   .   g - +0 ring mail
rPois   .          Reflect  .   (helmet restricted)
rElec   .          Harm     .   (no cloak)
rCorr   .          Rampage  .   (no gloves)
Will    .....                   (no boots)
Stlth   ..........              (no amulet)
HPRegen 0.13/turn               (no ring)
MPRegen 0.08/turn               (no ring)

@: confused, on berserk cooldown, slowed, very slow
A: horns 2, retaliatory headbutt
a: Renounce Religion, Berserk


You were on level 3 of the Dungeon.
You worshipped Trog.
Trog was aware of your devotion.
You visited 1 branch of the dungeon, and saw 3 of its levels.

You collected 89 gold pieces.


Innate Abilities, Weirdness & Mutations

You have a pair of horns on your head.
You reflexively headbutt those who attack you in melee.


   Skills:
 - Level 3.6 Fighting
 + Level 5.5 Axes
 - Level 1.8 Throwing
 - Level 2.4 Armour
 - Level 2.1 Dodging


You had 3 spell levels left.
You didn't know any spells.
Your spell library was empty.

Inventory:

Hand Weapons
 b - a +0 club
 Y - a +0 hand axe (weapon)
Missiles
 c - 6 boomerangs
 f - a javelin (quivered)
Armour
 g - a +0 ring mail (worn)
Potions
 a - a potion of brilliance {unknown}
 h - a potion of resistance {unknown}
 j - a potion of attraction {unknown}

Dungeon Overview and Level Annotations

Branches:
Dungeon (3/15)

Altars:

Shops:
D:1 =


Message History

You feel a strong urge to attack something.
You bump into the rock wall.
You feel your anger nearly subside.
You are no longer berserk.
You are exhausted.
You feel yourself slow down. The orc hits you but does no damage.
Something hits you but does no damage.
You bump into the rock wall.
The orc misses you. Something hits you.
You bump into the rock wall.
Something hits you but does no damage. The orc hits you with a +0 dagger.
Something hits you but does no damage. The orc hits you with a +0 dagger.
You closely miss something. You hit the orc.
You feel less confused. The orc hits you with a +0 dagger. Something hits you.
You barely miss the orc. Your headbutt misses the orc. You hit something.
You hear some strange, mumbled words.
You are confused.
The orc hits you but does no damage. Something hits you.
The orc hits you but does no damage.
You bump into the rock wall.
The orc barely misses you. Something hits you.
You hit the orc.
The orc is almost dead.
You miss something.
You feel your willpower return. The orc hits you but does no damage.
Something hits you. The orc hits you with a +0 dagger. Something hits you.
You closely miss the orc.
The orc is almost dead.
You closely miss something. Something hits you.
The orc hits you with a +0 dagger.
You miss the orc. You headbutt the orc.
You kill the orc!
Trog accepts your kill.
You miss something.
You feel less confused.
You hear some strange, mumbled words.
You are confused.
Something hits you.
You die...

#####
#########.....
.............
#...........
#..).)...?..
#..)))......
#<@{........
#######..!..
####


There were no monsters in sight!

Vanquished Creatures
  Jessica (D:3)
  2 adders (D:2)
  A worm (D:2)
  4 orcs (D:3)
  2 ball pythons (D:1)
  4 endoplasms
  2 giant cockroaches (D:1)
  4 goblins
  2 hobgoblins (D:1)
  A kobold (D:1)
  3 quokkas
  2 bats
  2 rats (D:1)
30 creatures vanquished.

Notes
Turn   | Place    | Note
-------+----------+-------------------------------------------
     0 | D:1      | qw the Minotaur Berserker began the quest for the Orb.
     0 | D:1      | Reached XP level 1. HP: 19/19 MP: 0/0
     0 | D:1      | 0 ||| qw: Version: 0.1-a-119-g272c26d
     0 | D:1      | 0 ||| qw: Game counter: 10761
     0 | D:1      | 0 ||| qw: Always use a shield: true
     0 | D:1      | 0 ||| qw: Do Orc after D:15 true
     0 | D:1      | 0 ||| qw: Do second Lair branch before Depths: true
     0 | D:1      | 0 ||| qw: Lair rune preference: random
     0 | D:1      | 0 ||| qw: Plans: Normal
     0 | D:1      | 0 ||| PLANNING D:1-11
    72 | D:1      | Reached skill level 4 in Axes
   136 | D:1      | Reached XP level 2. HP: 26/26 MP: 1/1
   239 | D:1      | 239 ||| Stepping ~*~*~tactically~*~*~ (stealth).
   251 | D:1      | 251 ||| Stepping ~*~*~tactically~*~*~ (stealth).
   254 | D:1      | 254 ||| Stepping ~*~*~tactically~*~*~ (stealth).
   279 | D:1      | 279 ||| Stepping ~*~*~tactically~*~*~ (stealth).
   281 | D:1      | 281 ||| Stepping ~*~*~tactically~*~*~ (stealth).
   290 | D:1      | 290 ||| Stepping ~*~*~tactically~*~*~ (stealth).
   308 | D:1      | 308 ||| Stepping ~*~*~tactically~*~*~ (stealth).
   309 | D:1      | 309 ||| Stepping ~*~*~tactically~*~*~ (stealth).
   592 | D:1      | Found Quruqom's Jewellery Boutique.
   599 | D:1      | 599 ||| SHOPLISTING +4 ring of evasion (468 gold, have 54).
   599 | D:1      | 599 ||| SHOPLISTING amulet of regeneration (390 gold, have
                  | 54).
   599 | D:1      | 599 ||| SHOPLISTING ring of protection from fire (325 gold,
                  | have 54).
   599 | D:1      | 599 ||| SHOPLISTING ring of willpower (325 gold, have 54).
   885 | D:1      | 885 ||| UPGRADING to +0 leather armour.
   895 | D:1      | 895 ||| DROPPING +0 animal skin.
   896 | D:1      | 896 ||| UPGRADING to +0 ring mail.
   906 | D:1      | 906 ||| DROPPING +0 leather armour.
   907 | D:1      | 907 ||| READING scroll labelled ARUBEI DIWUEQE.
   908 | D:1      | 908 ||| READING scroll labelled SUYGOA PUBRUAPH.
   909 | D:1      | 909 ||| READING scroll labelled ODECYR AG ANA.
   914 | D:1      | 914 ||| READING scroll labelled JOGAMM ENNEDORR.
   915 | D:1      | 915 ||| DRINKING 2 pink potions.
   916 | D:1      | 916 ||| DROPPING potion of flight.
  1000 | D:2      | Reached skill level 5 in Axes
  1000 | D:2      | Reached XP level 3. HP: 27/31 MP: 2/2
  1127 | D:2      | Found a faded altar of an unknown god.
  1232 | D:2      | 1232 ||| Stepping ~*~*~tactically~*~*~ (stealth).
  1240 | D:2      | 1240 ||| INVOKING Berserk.
  1727 | D:2      | 1727 ||| READING scroll labelled DURRUW KUMUYCHO.
  1746 | D:3      | Noticed Jessica
  1751 | D:3      | 1751 ||| INVOKING Berserk.
  1756 | D:3      | Killed Jessica
  1757 | D:3      | Reached skill level 1 in Throwing
  1757 | D:3      | Reached XP level 4. HP: 27/39 MP: 3/3
  1766 | D:3      | HP: 8/39 [something (2)]
  1767 | D:3      | HP: 2/39 [orc/+0 dagger (2)]
  1768 | D:3      | Slain by an orc wizard

Levels and vault maps discovered:
D:1:      dpeg_arrival_radiant, layout_loops_ring, serial_shops, shop,
          minmay_vboxes
D:2:      layout_loops_ring, dreamdust_ecumenical_altar_statues
D:3:      layout_rooms, nicolae_gozag_zags_fifth_avenue,
          nicolae_ru_the_path_less_chosen, chequers_mini_garden,
          uniq_crazy_yiuf_cottage, uniq_jessica, uniq_terence

Skill      XL: |  1  2  3 |
---------------+----------+-----
Axes           | 4 5 |  5.5
Throwing       | 1 |  1.8
Fighting       | |  3.6
Armour         | |  2.4
Dodging        | |  2.1

Action                   |  1- 3 |  4- 6 || total
-------------------------+-------+-------++-------
Melee: Hand axe          |    47 |     5 ||    52
       Headbutt          |     4 |     1 ||     5
Throw: Javelin           |    17 |       ||    17
Invok: Berserk           |     2 |       ||     2
  Use: Scroll            |     5 |       ||     5
       Potion            |     1 |       ||     1
Armor: Animal skin       |     3 |       ||     3
       Ring mail         |     5 |     7 ||    12
Dodge: Dodged            |    26 |     2 ||    28

Table legend:
 A = Non-vault XP
 B = Vault XP
 C = Vault XP percentage of total XP
 D = Non-vault monster count
 E = Vault monster count
 F = Vault count percentage of total count
                 A         B        C        D         E       F
            +---------+---------+-------+---------+---------+-------
      Total |      76 |      44 |  36.7 |      25 |       5 |  16.7
            +---------+---------+-------+---------+---------+-------
        D:1 |      25 |       7 |  21.9 |      14 |       4 |  22.2
        D:2 |      39 |       0 |   0.0 |       7 |       0 |   0.0
        D:3 |      12 |      37 |  75.5 |       4 |       1 |  20.0
            +---------+---------+-------+---------+---------+-------
